 Dungeon Crawl Stone Soup version 0.29-a0-330-g52719c12eb (webtiles) character file.

Game seed: 5598063825151168867

489 dohliylev the Ruffian (level 6, -1/57 HPs)
             Began as a Troll Warper on May 27, 2022.
             Slain by a gnoll sergeant
             ... wielding a +3 vampiric spear
              (12 damage)
             ... on level 4 of the Dungeon.
             The game lasted 00:07:25 (2593 turns).

dohliylev the Ruffian (Troll Warper)                Turns: 2593, Time: 00:07:26

Health: -1/57      AC:  5    Str: 22    XL:     6   Next: 90%
Magic:  7/7        EV: 10    Int:  9    God:
Gold:   235        SH:  0    Dex:  9    Spells: 6/8 levels left

rFire   . . .      SeeInvis .     - Unarmed
rCold   . . .      Faith    .   (no shield)
rNeg    . . .      Spirit   .   a - +0 robe
rPois   .          Reflect  .   (helmet restricted)
rElec   .          Harm     .   r - +0 cloak
rCorr   .          Rampage  .   (gloves unavailable)
Will    .....                   (boots unavailable)
Stlth   +.........              n - amulet of regeneration
HPRegen 1.79/turn               (no ring)
MPRegen 0.10/turn               (no ring)

@: no status effects
A: large, unfitting armour, claws 3, regeneration 1, shaggy fur 1, tough skin 1
a: no special abilities


You were on level 4 of the Dungeon.
You visited 1 branch of the dungeon, and saw 4 of its levels.

You collected 235 gold pieces.

Inventory:

Missiles
 c - 7 boomerangs of dispersal (quivered)
 q - 8 boomerangs
Armour
 a - a +0 robe (worn)
 r - a +0 cloak (worn)
Jewellery
 n - an amulet of regeneration (around neck)
Scrolls
 b - a scroll of blinking
 d - 3 scrolls of fog {unknown}
 h - 2 scrolls of silence {unknown}
 i - 2 scrolls of noise {unknown}
 j - 2 scrolls of magic mapping {unknown}
 k - 5 scrolls of identify {unknown}
 l - 2 scrolls of summoning {unknown}
 o - 2 scrolls of fear {unknown}
 s - a scroll of teleportation {unknown}
 t - a scroll of vulnerability {unknown}
Potions
 e - a potion of heal wounds {unknown}
 f - a potion of attraction {unknown}
 g - 2 potions of degeneration {unknown}
 m - 2 potions of brilliance {unknown}
 p - 2 potions of curing {unknown}


   Skills:
 + Level 2.2 Fighting
 + Level 0.8 Throwing
 + Level 3.2 Dodging
 + Level 5.5 Unarmed Combat
 + Level 1.5 Spellcasting
 + Level 3.0 Translocations


You had 6 spell levels left.
You knew the following spells:

 Your Spells              Type           Power      Damage    Failure   Level
a - Blink                 Tloc           12%        N/A       16%         2

Your spell library contained the following spells:

 Spells                   Type           Power      Damage    Failure   Level
 Gell's Gravitas          Tloc           6%         N/A       30%         3
 Lesser Beckoning         Tloc           6%         N/A       30%         3
 Teleport Other           Tloc           6%         N/A       30%         3
 Beastly Appendage        Tmut           0%         N/A       34%         1
 Wereblood                Tmut           0%         N/A       47%         2
 Spider Form              Tmut/Pois      0%         N/A       71%         3
 Tukima's Dance           Hex            0%         N/A       71%         3
 Manifold Assault         Tloc           6%         N/A       95%         5
 Anguish                  Hex/Necr       0%         N/A       98%         4
 Enfeeble                 Hex            0%         N/A       100%        7


Dungeon Overview and Level Annotations

Branches:
Dungeon (4/15)
 Temple: D:4-7

Altars:

Shops:
D:2 =   D:3 *

Annotations:
D:4 Eustachio


Innate Abilities, Weirdness & Mutations

You are too large for most types of armour.
You have claws for hands.
Your natural rate of healing is unusually fast.
You are covered in fur. (AC +1)
You have tough skin. (AC +1)


Message History

There is a stone staircase leading down here.
Things that are here:
a +0 chain mail; a +0 whip; an orc corpse You climb downwards.
Level annotation: Eustachio
There is a stone staircase leading up, spattered with blood here.
The gnoll sergeant hits you from afar with a +3 vampiric spear!
The gnoll hits you but does no damage. The gnoll sergeant closely misses you.
The gnoll hits you with a +0 spear.
You closely miss the gnoll. You claw the gnoll!
The gnoll is severely wounded.
The gnoll hits you with a +0 spear.
The gnoll sergeant hits you with a +3 vampiric spear!
You scratch the gnoll.
You kill the gnoll!
The gnoll sergeant hits you with a +3 vampiric spear!
The gnoll sergeant misses you.
You see here a +0 spear.
The gnoll sergeant hits you with a +3 vampiric spear!
The gnoll sergeant hits you with a +3 vampiric spear.
You claw the gnoll sergeant!
The gnoll sergeant is heavily wounded.
The gnoll sergeant closely misses you.
You claw the gnoll sergeant!
The gnoll sergeant is almost dead.
The gnoll sergeant closely misses you.
You closely miss the gnoll sergeant.
The gnoll sergeant is almost dead.
The gnoll sergeant hits you with a +3 vampiric spear.
The gnoll sergeant draws strength from your wounds!
You scratch the gnoll sergeant.
The gnoll sergeant is almost dead.
The gnoll sergeant hits you with a +3 vampiric spear!
* * * LOW HITPOINT WARNING * * *
The gnoll sergeant draws strength from your wounds!
You claw the gnoll sergeant!
The gnoll sergeant is almost dead.
The gnoll sergeant hits you with a +3 vampiric spear!
You die...

...........................#
#...........................#
#...............[............
#...........................
#..................รท...#....
.#.....................###.##
..........)....<.#....## ###
#...........g.).##..(##
#...........@.####...##
#.............##..#...#
###.............####..##
##...........## #...## ##
###.......### ##...# #.
####..### ##..## #. #..#
##..###. ##.## ##..##. ##.##
##.##.


You could see a gnoll sergeant.

Vanquished Creatures
  Grinder (D:3)
  A scorpion (D:4)
  Crazy Yiuf (D:3)
  2 orc wizards (D:3)
  2 adders
  5 gnolls
  2 worms
  3 dart slugs (D:2)
  11 orcs
  5 bats
  8 endoplasms
  2 giant cockroaches
  A goblin (D:3)
  11 hobgoblins
  5 jackals (D:3)
  2 kobolds
  5 ball pythons
  6 frilled lizards
  7 rats
80 creatures vanquished.

Vanquished Creatures (others)
  A kobold (D:4)
  45 plants (D:4)
46 creatures vanquished.

Grand Total: 126 creatures vanquished

Notes
Turn   | Place    | Note
-------+----------+-------------------------------------------
     0 | D:1      | dohliylev the Troll Warper began the quest for the Orb.
     0 | D:1      | Reached XP level 1. HP: 19/19 MP: 1/1
   251 | D:1      | Reached XP level 2. HP: 26/27 MP: 2/2
   256 | D:1      | Learned a level 2 spell: Blink
   425 | D:1      | Reached XP level 3. HP: 33/33 MP: 4/4
   942 | D:2      | Found Hopsafen's Jewellery Emporium.
  1779 | D:3      | Found a runed translucent door.
  1780 | D:3      | Noticed Crazy Yiuf
  1855 | D:3      | Reached XP level 4. HP: 36/42 MP: 5/5
  1878 | D:3      | Found a faded altar of an unknown god.
  1879 | D:3      | Noticed Grinder
  1914 | D:4      | Noticed a scorpion
  1950 | D:4      | Killed a scorpion
  1951 | D:4      | Reached skill level 3 in Unarmed Combat
  1953 | D:4      | Reached XP level 5. HP: 34/49 MP: 6/6
  1988 | D:4      | Noticed Eustachio
  2129 | D:3      | Found Ydoruido's General Store.
  2191 | D:3      | Reached skill level 4 in Unarmed Combat
  2258 | D:3      | Paralysed by Grinder for 2 turns
  2267 | D:3      | Paralysed by Grinder for 2 turns
  2281 | D:3      | Killed Grinder
  2282 | D:3      | Reached skill level 5 in Unarmed Combat
  2282 | D:3      | Reached XP level 6. HP: 57/57 MP: 7/7
  2323 | D:3      | Killed Crazy Yiuf
  2593 | D:4      | Slain by a gnoll sergeant

Illustrated notes

Levels and vault maps discovered:
D:1:      nzn_arrival_water_spiral, layout_basic
D:2:      layout_basic, serial_shops, shop
D:3:      layout_rooms, serial_shops, shop,
          hellmonk_ecumenical_altar_dog_temple, uniq_crazy_yiuf_cottage,
          uniq_grinder
D:4:      kennysheep_kobold_camp, layout_cave_pods, minmay_pentomino_pile,
          uniq_eustachio

Skill      XL: |  1  2  3  4  5 |
---------------+----------------+-----
Dodging        | 2 3 |  3.2
Unarmed Combat | 3 5 |  5.5
Fighting       | 2 |  2.2
Translocations | 3 |  3.0
Throwing       | |  0.8
Spellcasting   | |  1.5

Action                   |  1- 3 |  4- 6 || total
-------------------------+-------+-------++-------
Melee: Unarmed           |   116 |   131 ||   247
       Punch             |     1 |     2 ||     3
 Cast: Blink             |     1 |     4 ||     5
 Stab: Sleeping          |     2 |       ||     2
Armor: Robe              |    33 |    49 ||    82
Dodge: Dodged            |    48 |    67 ||   115

Table legend: (Time is in decaauts)
 A = Elapsed time spent in this place.
 B = Non-inter-level travel time spent in this place.
 C = Inter-level travel time spent in this place.
 D = Time resting spent in this place.
 E = Time spent auto-exploring this place.
 F = Levels seen in this place.
 G = Mean time per level.
                   A        B        C        D        E       F      G
               +--------+--------+--------+--------+--------+-----+--------+
         Total |   2580 |   2512 |     68 |     30 |   1826 |   4 |  645.0 |
       Dungeon |   2580 |   2512 |     68 |     30 |   1826 |   4 |  645.0 |
               +--------+--------+--------+--------+--------+-----+--------+

Top non-repeatable levels by time:
     D:2: 846 daAuts
     D:1: 806 daAuts
     D:3: 708 daAuts
     D:4: 219 daAuts
